 Dungeon Crawl Stone Soup version 0.28-a0-97-g102d6777a4 (webtiles) character file.

Game seed: 13873194309902326719

152 lunkers the Magician (level 5, -11/39 HPs)
             Began as a Djinni Earth Elementalist on Aug 9, 2021.
             Killed by divine providence
             ... invoked by an orc priest
              (12 damage)
             ... on level 3 of the Dungeon.
             The game lasted 00:08:32 (4554 turns).

lunkers the Magician (Djinni Earth Elementalist)    Turns: 4554, Time: 00:08:33

Health: -11/39     AC:  4    Str:  7    XL:     5   Next: 60%
Gold:   67         EV: 12    Int: 17    God:
                   SH:  0    Dex: 14

rFire   + + +      SeeInvis .   a - staff of cold
rCold   . . .      Faith    .   (no shield)
rNeg    . . .      Spirit   .   g - +0 robe {rF+}
rPois   ∞          Reflect  .   j - +1 helmet
rElec   .          Harm     .   (no cloak)
rCorr   .          Rampage  .   (no gloves)
Will    .....                   (boots unavailable)
Stlth   ++........              (no amulet)
HPRegen 0.13/turn               (no ring)
MPRegen 0.00/turn               (no ring)

@: flying
A: sickness immunity, fire resistance 2, cold vulnerability 1, float, innate
caster, hp casting, extra vitality 1
a: no special abilities


You were on level 3 of the Dungeon.
You visited 1 branch of the dungeon, and saw 3 of its levels.

You collected 67 gold pieces.

Inventory:

Missiles
 e - 62 stones
Armour
 g - a +0 robe of fire resistance (worn)
 j - a +1 helmet (worn)
Magical Staves
 a - a staff of cold (weapon)
Wands
 i - a wand of digging (1)
Scrolls
 c - a scroll of noise {unknown}
 d - a scroll of enchant weapon {unknown}
 f - a scroll of magic mapping {unknown}
 h - 2 scrolls of identify {unknown}


   Skills:
 + Level 2.5 Fighting
 - Level 2.1 Dodging
 - Level 1.5 Stealth
 * Level 4.0 Spellcasting


You couldn't memorise any spells.
You knew the following spells:

 Your Spells              Type           Power      Damage    Failure   Level
a - Sandblast             Erth           34%        2d9       3%          1
b - Passwall              Tmut/Erth      14%        N/A       4%          2
c - Freeze                Ice            100%       1d11      3%          1
d - Petrify               Tmut/Erth      17%        N/A       30%         4
e - Stone Arrow           Conj/Erth      34%        3d9       9%          3
f - Ensorcelled Hibernat  Hex/Ice        50%        N/A       4%          2
Your spell library was empty.

Dungeon Overview and Level Annotations

Branches:
Dungeon (3/15)

Altars:
Nemelex Xobeh
Zin


Innate Abilities, Weirdness & Mutations

You are immune to sickness and miasma.
You are immune to poison.
Your flesh is very heat resistant. (rF++)
You are vulnerable to cold. (rC-)
You float through the air rather than walking.
You learn spells naturally, not from books.
Your magical power is your life essence.
You have superior vitality. (+4 HP)


Message History

The blast of sand hits the orc priest but does no damage.
The orc priest is moderately wounded.
* * * LOW HITPOINT WARNING * * *
The orc priest barely misses you.
Unknown command.
Casting: Sandblast (safe; 3% risk of failure)
Confirm with . or Enter, or press ? or * to list all spells.
Aiming: Sandblast (safe; 3% risk of failure)
Press: ? - help, Shift-Dir - straight line, f/p - orc priest
Aim: an orc priest, wielding a +0 dagger and wearing a +0 leather armour (moderately wounded, 79% to hit)
The blast of sand hits the orc priest.
The orc priest is heavily wounded.
* * * LOW HITPOINT WARNING * * *
The orc priest hits you with a +0 dagger.
* * * LOW HITPOINT WARNING * * *
Casting: Sandblast (safe; 3% risk of failure)
Confirm with . or Enter, or press ? or * to list all spells.
Aiming: Sandblast (safe; 3% risk of failure)
Press: ? - help, Shift-Dir - straight line, f/p - orc priest
Aim: an orc priest, wielding a +0 dagger and wearing a +0 leather armour (heavily wounded, 79% to hit)
The blast of sand hits the orc priest.
The orc priest is severely wounded.
* * * LOW HITPOINT WARNING * * *
The orc priest invokes the aid of Beogh against you.
Beogh smites you!
* * * LOW HITPOINT WARNING * * *
Casting: Sandblast (safe; 3% risk of failure)
Confirm with . or Enter, or press ? or * to list all spells.
You don't have enough health to cast this spell.
Unknown command.
Unknown command.
Okay, then.
You aren't carrying any potions.
Okay, then.
The orc priest casts a cantrip, but nothing happens.
The ball python bites you but does no damage.
The ball python barely misses you.
The orc priest calls down the wrath of Beogh upon you.
Beogh smites you!
You die...

......## ####### .....#.##
##.....####### ...).)#.##
##............## ..)<÷#.#.##
#............... .)...##.#.##
#......≈≈≈≈≈≈≈.≈ .....[##.#.##
#......≈.......≈
.......##.#.######......≈..≈≈≈≈.≈
#...##.........).So.....≈.≈...≈.≈
....###.###....)@.......≈.≈._.≈.≈
.....#.###....<.........≈.≈.).≈)≈
.............)..........≈§§≈≈≈≈)≈
........................≈.......≈
................##......≈≈≈≈≈≈≈≈≈
................##)...[..........
.....##.....#....##..............
........######.#.....)........!..
......### #.).###.#...........


You could see an orc priest and a ball python.

Vanquished Creatures
  An orc priest (D:2)
  Robin (D:3)
  A dart slug (D:3)
  11 orcs
  5 bats
  9 endoplasms
  8 giant cockroaches
  12 goblins
  6 hobgoblins
  12 jackals
  3 quokkas
  6 ball pythons
  4 frilled lizards
  2 kobolds
  2 rats
83 creatures vanquished.

Vanquished Creatures (others)
  A hobgoblin (D:3)
1 creature vanquished.

Grand Total: 84 creatures vanquished

Notes
Turn   | Place    | Note
-------+----------+-------------------------------------------
     0 | D:1      | lunkers the Djinni Earth Elementalist began the quest for
                  | the Orb.
     0 | D:1      | Reached XP level 1. HP: 15/15 MP: 0/0
   153 | D:1      | Reached XP level 2. HP: 14/22 MP: 0/0
   348 | D:1      | Found a faded altar of an unknown god.
   356 | D:1      | Reached skill level 1 in Fighting
   522 | D:1      | Reached XP level 3. HP: 15/27 MP: 0/0
   522 | D:1      | Learned a level 1 spell: Freeze
   523 | D:1      | Reached skill level 3 in Spellcasting
  1868 | D:2      | Reached XP level 4. HP: 23/32 MP: 0/0
  2477 | D:2      | Found a glowing silver altar of Zin.
  3000 | D:3      | Noticed Robin
  3697 | D:3      | Killed Robin
  3857 | D:2      | Reached XP level 5. HP: 3/39 MP: 0/0
  3857 | D:2      | Learned a level 2 spell: Ensorcelled Hibernation
  4456 | D:3      | Found a sparkling altar of Nemelex Xobeh.
  4469 | D:3      | Reached skill level 4 in Spellcasting
  4550 | D:3      | HP: 1/39 [orc priest/divine providence (14)]
  4554 | D:3      | Killed from afar by an orc priest

Illustrated notes

Levels and vault maps discovered:
D:1:      heliophobic_arrival_glass_houses, layout_rooms,
          hellmonk_ecumenical_altar_pennies_from_heaven
D:2:      layout_loops_corners, basic_altar, minmay_misc_feat_tower
D:3:      layout_rooms, mainiacjoe_overflow_concentric_impassable, zin_statuary,
          uniq_robin

Skill      XL: |  1  2  3  4  5 |
---------------+----------------+-----
Fighting       | 1 2 |  2.5
Spellcasting   | 3 4 |  4.0
Dodging        | |  2.1
Stealth        | |  1.5

Action                   |  1- 3 |  4- 6 || total
-------------------------+-------+-------++-------
 Cast: Sandblast         |    30 |    52 ||    82
       Stone Arrow       |    16 |       ||    16
       Freeze            |     5 |    44 ||    49
Armor: Robe              |     1 |    18 ||    19
Dodge: Dodged            |    20 |    60 ||    80

Table legend: (Time is in decaauts)
 A = Elapsed time spent in this place.
 B = Non-inter-level travel time spent in this place.
 C = Inter-level travel time spent in this place.
 D = Time resting spent in this place.
 E = Time spent auto-exploring this place.
 F = Levels seen in this place.
 G = Mean time per level.
                   A        B        C        D        E       F      G
               +--------+--------+--------+--------+--------+-----+--------+
         Total |   4562 |   4499 |     63 |   1774 |   2174 |   3 | 1520.7 |
       Dungeon |   4562 |   4499 |     63 |   1774 |   2174 |   3 | 1520.7 |
               +--------+--------+--------+--------+--------+-----+--------+

Top non-repeatable levels by time:
     D:2: 2778 daAuts
     D:1: 1387 daAuts
     D:3: 397 daAuts
